 Dungeon Crawl Stone Soup version 0.29.1 (webtiles) character file.

Game seed: 3968010654002854986

487 penguinFlipper the Trooper (level 7, 0/39 HPs)
             Began as a Gargoyle Fighter on Sept 12, 2022.
             Slain by a mummy (1 damage)
             ... in an ossuary.
             The game lasted 00:11:32 (4556 turns).

penguinFlipper the Trooper (Gargoyle Fighter)       Turns: 4556, Time: 00:11:33

Health: 0/39       AC: 12    Str: 20    XL:     7   Next: 13%
Magic:  6/6        EV:  9    Int:  8    God:
Gold:   227        SH:  5    Dex: 11    Spells: 6/6 levels left

rFire   . . .      SeeInvis .   a - +0 long sword
rCold   . . .      Faith    .   c - +0 buckler
rNeg    + . .      Spirit   .   b - +0 scale mail
rPois   ∞          Reflect  .   (helmet restricted)
rElec   +          Harm     .   (no cloak)
rCorr   .          Rampage  .   (no gloves)
Will    .....      Clarity  +   (no boots)
Stlth   ..........              (no amulet)
HPRegen 0.13/turn               (no ring)
MPRegen 0.10/turn               (no ring)

@: mighty
A: sickness immunity, AC +4, negative energy resistance 1, electricity
resistance, torment resistance 1, petrification resistance, horns 1, clarity,
frail 1, low MP 1
a: no special abilities


You were in an ossuary.
You visited 1 branch of the dungeon, and saw 5 of its levels.
You also visited: Ossuary.

You collected 227 gold pieces.

Inventory:

Hand Weapons
 a - a +0 long sword (weapon)
 j - a +2 short sword of venom
 p - a +0 long sword
 s - a +0 falchion
Missiles
 f - 43 stones (quivered)
 h - 12 poisoned darts
 n - a boomerang
 q - 5 atropa-tipped darts
Armour
 b - a +0 scale mail (worn)
 c - a +0 buckler (worn)
Jewellery
 e - a ring of protection from cold
 v - an amulet of the acrobat
Wands
 k - a wand of mindburst (5)
Scrolls
 i - a scroll of summoning
 l - a scroll of poison
 m - a scroll of immolation
 t - 2 scrolls of identify
 u - 2 scrolls of vulnerability
Potions
 g - a potion of lignification
 o - 2 potions of invisibility


   Skills:
 + Level 4.9 Fighting
 * Level 4.3 Long Blades
 + Level 4.8 Armour
 + Level 4.8 Shields


You had 6 spell levels left.
You didn't know any spells.
Your spell library contained the following spells:

 Spells                   Type           Power      Damage    Failure   Level
 Borgnjor's Revivificati  Necr           0%         N/A       100%        8
 Necromutation            Tmut/Necr      0%         N/A       100%        8
 Death's Door             Necr           0%         N/A       100%        9


Dungeon Overview and Level Annotations

Branches:
Dungeon (5/15)            Ossuary (1/1)
 Temple: D:4-7

Altars:
Fedhas
Hepliaklqana

Annotations:
D:2 yiuf boss, Crazy Yiuf


Innate Abilities, Weirdness & Mutations

You are immune to sickness and miasma.
Your stone body is resilient. (AC +4)
You are immune to poison.
You resist negative energy. (rN+)
You are resistant to electric shocks. (rElec)
You are resistant to unholy torment.
You are immune to petrification.
You have a pair of small horns on your head.
You possess an exceptional clarity of mind.
You are frail. (-10% HP)
Your magical capacity is low. (-10% MP)


Message History

Press: ? - help, v - describe, . - travel
Here: a mummy The floor.
You barely miss the hobgoblin zombie. You headbutt the hobgoblin zombie.
The hobgoblin zombie is severely damaged.
You block the hobgoblin zombie's attack.
You hit the hobgoblin zombie.
You destroy the hobgoblin zombie!
You hit the mummy. You headbutt the mummy.
The mummy is heavily damaged.
You hit the mummy.
The mummy is heavily damaged.
The mummy hits you. The mummy hits you!
You hit the mummy but do no damage.
The mummy is heavily damaged.
The mummy hits you but does no damage. The mummy hits you.
You barely miss the mummy.
The mummy is heavily damaged.
You barely miss the mummy.
You headbutt the mummy, but do no damage.
The mummy is heavily damaged.
The mummy hits you but does no damage. The mummy hits you!
You are too injured to fight recklessly!
You feel very mighty all of a sudden. The mummy hits you but does no damage.
You block the mummy's attack.
You are too injured to fight recklessly!
You are too injured to fight recklessly!
You are too injured to fight recklessly!
You are too injured to fight recklessly!
You completely miss the mummy.
The mummy is heavily damaged.
You hit the mummy.
The mummy is heavily damaged.
The mummy hits you!
* * * LOW HITPOINT WARNING * * *
The mummy barely misses you.
You hit the mummy. You headbutt the mummy.
You destroy the mummy!
The mummy hits you.
You die...

#....#
#....#
#....#
#....#
#....#
#....#
#....#
#.M..#
#@∩∩.#
######


You could see a mummy.

Vanquished Creatures
  An ogre (D:4)
  A phantom (D:3)
  A scorpion (D:4)
  An orc priest (D:3)
  A jelly (D:4)
  Jessica (D:3)
  An orc wizard (D:3)
  A mummy (Ossuary)
  6 adders
  An ufetubus (D:4)
  A worm (D:2)
  2 dart slugs
  12 orcs
  7 bats
  7 endoplasms
  2 gnoll zombies (Ossuary)
  7 goblins
  5 hobgoblins
  7 kobolds
  2 quokkas (D:1)
  7 ball pythons
  A frilled lizard (D:2)
  A goblin zombie (D:5)
  2 hobgoblin zombies (Ossuary)
  2 kobold zombies (Ossuary)
  An orc zombie (Ossuary)
  5 rats
  A rat zombie (D:5)
  A spectral goblin (D:1)
88 creatures vanquished.

Notes
Turn   | Place    | Note
-------+----------+-------------------------------------------
     0 | D:1      | penguinFlipper the Gargoyle Fighter began the quest for the
                  | Orb.
     0 | D:1      | Reached XP level 1. HP: 14/14 MP: 1/1
   174 | D:1      | Reached XP level 2. HP: 19/19 MP: 2/2
   343 | D:1      | Found a faded altar of an unknown god.
   675 | D:2      | Reached XP level 3. HP: 24/24 MP: 3/3
  1179 | D:2      | Reached XP level 4. HP: 29/29 MP: 4/4
  1253 | D:2      | Found a runed translucent door.
  1254 | D:2      | Noticed Crazy Yiuf
  1605 | D:2      | Gained mutation: You are frail. (-10% HP) [potion of
                  | mutation]
  1605 | D:2      | Gained mutation: Your magical capacity is low. (-10% MP)
                  | [potion of mutation]
  1605 | D:2      | Gained mutation: You have a pair of small horns on your
                  | head. [potion of mutation]
  1605 | D:2      | Gained mutation: You possess an exceptional clarity of
                  | mind. [potion of mutation]
  1785 | D:3      | Found a blossoming altar of Fedhas.
  1908 | D:3      | Found a hazy altar of Hepliaklqana.
  2003 | D:3      | Reached XP level 5. HP: 13/29 MP: 4/4
  2409 | D:3      | Noticed Jessica
  2419 | D:3      | Killed Jessica
  2861 | D:4      | Noticed a phantom
  2880 | D:3      | Killed a phantom
  2881 | D:3      | Reached XP level 6. HP: 19/35 MP: 5/5
  3650 | D:4      | Reached XP level 7. HP: 19/39 MP: 6/6
  4415 | D:5      | Entered Level 5 of the Dungeon
  4460 | D:5      | Found a sand-covered staircase.
  4480 | Ossuary  | Entered an ossuary
  4555 | Ossuary  | HP: 1/39 [mummy (15)]
  4556 | Ossuary  | Slain by a mummy

Illustrated notes

Levels and vault maps discovered:
D:1:      lightli_arrival_flooded_house, layout_rooms,
          dreamdust_ecumenical_altar_drowned_temple
D:2:      layout_basic, minmay_unequal, uniq_crazy_yiuf_cottage
D:3:      cheibrodos_helix_gallery, layout_basic, fedhas_altar_fruit_tree,
          worldfamousw_hep_ancestral_shrine, minmay_diced_spiral, uniq_jessica
D:4:      layout_cave_pods
D:5:      layout_loops_corners, marbit_many_paths, jmf_multi_god_temple2,
          enter_ossuary_4, gup_sewer_entry_bowl, minivault_23
Ossuary:  ossuary_tomb_3

Skill      XL: |  1  2  3  4  5  6 |
---------------+-------------------+-----
Long Blades    | 2 3 4 |  4.3
Fighting       | 4 |  4.9
Shields        | 4 |  4.8
Armour         | 4 |  4.8

Action                   |  1- 3 |  4- 6 |  7- 9 || total
-------------------------+-------+-------+-------++-------
Melee: Long sword        |    83 |   108 |    63 ||   254
       Headbutt          |       |    13 |    13 ||    26
       Short sword       |       |     1 |       ||     1
  Use: Scroll            |     2 |     6 |     3 ||    11
       Potion            |       |     4 |     1 ||     5
Armor: Scale mail        |    38 |    52 |    32 ||   122
Dodge: Dodged            |    29 |    52 |    35 ||   116
Block: Buckler           |    14 |    25 |     9 ||    48
